 Dungeon Crawl Stone Soup version 0.20.0-10-g0535bb4 (webtiles) character file.

12595 Deathclocker the Carver (level 11, -4/94 HPs)
             Began as a Minotaur Fighter on June 4, 2017.
             Was a High Priest of Okawaru.
             Slain by a slime creature (12 damage)
             ... on level 12 of the Dungeon.
             The game lasted 00:18:29 (7767 turns).

Deathclocker the Carver (Minotaur Fighter)          Turns: 7767, Time: 00:18:29

Health: -4/94      AC: 18    Str: 25    XL:     11   Next: 64%
Magic:  5/8        EV: 13    Int:  3    God:    Okawaru [*****.]
Gold:   688        SH: 21    Dex: 15    Spells: 10/10 levels left

rFire    . . .     SeeInvis .   a - +0 long sword
rCold    . . .     Gourm    .   v - +0 large shield
rNeg     . . .     Faith    .   c - +0 chain mail
rPois    +         Spirit   .   Z - +2 hat {MR+}
rElec    .         Reflect  .   g - +0 cloak
rCorr    .         Harm     .   t - +0 pair of gloves
MR       +....                  (no boots)
Stlth    ..........             u - amulet of regeneration
Regen    0.7/turn               U - ring of poison resistance
MPRegen  0.2/turn               y - +4 ring of dexterity

@: heroism
A: retaliatory headbutt, horns 2, talons 1, agile 1, dopey 1, low mp 1
a: Heroism, Finesse, Renounce Religion


You were on level 12 of the Dungeon.
You worshipped Okawaru.
Okawaru was extremely pleased with you.
You were not hungry.

You visited 2 branches of the dungeon, and saw 13 of its levels.

You collected 688 gold pieces.

Inventory:

Hand Weapons
 a - a +0 long sword (weapon)
Missiles
 M - 3 poisoned javelins (quivered)
Armour
 b - a +0 scale mail
 c - a +0 chain mail (worn)
 g - a +0 cloak (worn)
 t - a +0 pair of gloves (worn)
 v - a +0 large shield (worn)
 Z - a +2 hat of magic resistance (worn)
Jewellery
 s - an uncursed ring of resist corrosion
 u - an amulet of regeneration (around neck)
 y - a +4 ring of dexterity (right hand)
 U - a ring of poison resistance (left hand)
 W - an uncursed ring of protection from magic
Wands
 x - a wand of flame (6/48)
 J - a wand of disintegration (12/24)
 P - a wand of random effects (21/48)
 X - a wand of digging (7/24)
Scrolls
 e - a scroll of noise {unknown}
 h - 11 scrolls of identify
 i - 7 scrolls of teleportation {unknown}
 j - 6 scrolls of remove curse
 m - a scroll of blinking {unknown}
 o - 3 scrolls of random uselessness {unknown}
 q - 2 scrolls of amnesia {unknown}
 r - 2 scrolls of fog {unknown}
 C - 2 scrolls of immolation {unknown}
 E - a scroll of fear {unknown}
 H - 2 scrolls of enchant weapon {unknown}
 K - 3 scrolls of recharging {unknown}
 L - a scroll of magic mapping {unknown}
 R - a scroll of summoning {unknown}
 V - a scroll of vulnerability {unknown}
Potions
 d - 2 potions of might
 k - 3 potions of heal wounds
 n - a potion of flight {unknown}
 p - a potion of degeneration {unknown}
 w - 2 potions of brilliance {unknown}
 A - a potion of agility {unknown}
 B - 5 potions of magic {unknown}
 F - a potion of invisibility {unknown}
 G - a potion of ambrosia {unknown}
 I - 3 potions of lignification {unknown}
 N - 2 potions of berserk rage {unknown}
 Q - a potion of haste {unknown}
 T - a potion of curing
Books
 z - a book of Enchantments

   Spells                             Type                      Level
   a - Cause Fear                     Hexes                        4
   b - Yara's Violent Unravelling     Hexes/Transmutation          5
   c - Silence                        Hexes/Air                    5
   d - Deflect Missiles               Charms/Air                   6
   e - Discord                        Hexes                        8
Comestibles
 f - 8 bread rations
 l - 8 royal jellies
 D - 8 fruits
 O - 5 meat rations
 S - 4 chunks of flesh


   Skills:
 + Level 8.1(13.1) Fighting
 - Level 14.4(19.4) Long Blades
 + Level 9.6(14.6) Armour
 + Level 5.2(10.2) Dodging
 + Level 11.3(16.3) Shields


You had 10 spell levels left.
You didn't know any spells.

Dungeon Overview and Level Annotations

Branches:
Dungeon (12/15)            Temple (1/1) D:7            Lair (0/6) D:11
    Orc: D:9-12

Altars:
Ashenzari
Cheibriados
Dithmenos
Elyvilon
Fedhas
Gozag
Hepliaklqana
Kikubaaqudgha
Makhleb
Nemelex Xobeh
Okawaru
Qazlal
Ru
Trog
Uskayaw
Vehumet
Xom
Yredelemnul
Zin
The Shining One

Portals:
Trove: D:10 (give +5 fire dragon scales)


Innate Abilities, Weirdness & Mutations

You reflexively headbutt those who attack you in melee.
You have a pair of horns on your head.
You have sharp toenails.
You are agile. (Dex +2)
You are dopey. (Int -2)
Your magical capacity is low. (-10% MP)


Message History

You block the enormous slime creature's attack.
You hit the enormous slime creature but do no damage.
You claw the enormous slime creature, but do no damage.
The enormous slime creature is heavily wounded.
You block the slime creature's attack. x2
You hit the enormous slime creature.
Your headbutt misses the enormous slime creature.
The enormous slime creature is heavily wounded.
You feel like a meek peon again. The enormous slime creature hits you!
You block the slime creature's attack. x2
Your shield and chain mail prevent you from hitting the enormous slime creature.
The enormous slime creature is heavily wounded.
You block the enormous slime creature's attack.
The slime creature hits you!
* * * LOW HITPOINT WARNING * * *
You gain the combat prowess of a mighty hero.
You block the slime creature's attack. The enormous slime creature hits you!
* * * LOW HITPOINT WARNING * * *
The slime creature hits you!
You die...

#
.....(.............
# .#######.#...#...
# #.#...# # #.#...#
# ..#...###+# ####
##########........
.†.#
........).#......#
...#
#########.########
...# #<....J@JS#
#### ####.##J#.#
..#########
#....#.#
..'.......#
#.####.J......
..#######.#
#....###...... ..#
#.# #....# ......
### #.###....#
+#... #.....#### ..
####### .


You could see an enormous slime creature, 2 slime creatures and a water
moccasin.

Vanquished Creatures
  Gastronok (D:9)
  A two-headed ogre (D:8)
  3 unseen horrors
  Pikel (D:6)
  An ugly thing (D:11)
  2 deep elf magi
  A cyclops (D:12)
  Psyche (D:9)
  A komodo dragon (D:11)
  A guardian mummy (D:10)
  A hornet (D:7)
  Prince Ribbit (D:7)
  2 hippogriffs (D:10)
  A water elemental (D:12)
  Eustachio (D:5)
  A hungry ghost (D:10)
  3 wyverns (D:12)
  A human (D:11)
  Menkaure (D:7)
  Edmund (D:4)
  Duvessa (D:4)
  2 water moccasins
  2 black bears
  An orc warrior (D:10)
  3 ice beasts
  4 ogres
  A necrophage (D:11)
  6 centaurs
  A crocodile (D:12)
  2 big kobolds
  3 bullfrogs
  Dowan (D:4)
  A scorpion (D:12)
  A wyvern skeleton (D:10)
  11 killer bees
  2 howler monkeys
  2 crimson imps
  3 hounds
  11 orc wizards
  A gnoll shaman (D:7)
  A jelly (D:5)
  2 orc priests
  A bullfrog skeleton (D:4)
  4 iguanas
  14 worker ants
  A worker ant zombie (D:10)
  8 gnolls
  12 adders
  3 shadow imps
  An adder zombie (D:6)
  A worm (D:2)
  2 dart slugs
  2 leopard geckos
  30 orcs
  3 giant cockroaches
  10 goblins
  8 hobgoblins
  12 jackals
  4 quokkas
  2 bats
  5 frilled lizards
  15 kobolds
  A leopard gecko zombie (D:6)
  10 rats
237 creatures vanquished.

Vanquished Creatures (others)
  A plant (D:11)
1 creature vanquished.

Grand Total: 238 creatures vanquished

Notes
Turn   | Place    | Note
-------+----------+-------------------------------------------
     0 | D:1      | Deathclocker the Minotaur Fighter began the quest for the Orb.
     0 | D:1      | Reached XP level 1. HP: 19/19 MP: 0/0
   143 | D:1      | Reached XP level 2. HP: 24/27 MP: 1/1
   396 | D:1      | Reached skill level 3 in Long Blades
   500 | D:2      | Reached XP level 3. HP: 22/33 MP: 2/2
   757 | D:2      | Reached XP level 4. HP: 39/40 MP: 3/3
   784 | D:2      | Found a hazy altar of Hepliaklqana.
   789 | D:2      | Reached skill level 4 in Long Blades
   826 | D:2      | Found a stormy altar of Qazlal.
   895 | D:2      | Found a shadowy altar of Dithmenos.
  1151 | D:3      | Noticed a moth of wrath
  1544 | D:3      | Reached skill level 5 in Long Blades
  1544 | D:3      | Reached XP level 5. HP: 31/46 MP: 4/4
  1717 | D:3      | Found a bloodstained altar of Trog.
  1855 | D:4      | Noticed Edmund
  1876 | D:4      | Killed Edmund
  1876 | D:4      | Reached XP level 6. HP: 39/52 MP: 5/5
  1891 | D:4      | Reached skill level 6 in Long Blades
  1901 | D:4      | Reached skill level 1 in Dodging
  1969 | D:4      | Reached skill level 5 in Shields
  1974 | D:4      | Reached skill level 5 in Armour
  1997 | D:4      | Found a shimmering altar of Xom.
  2157 | D:4      | Noticed Dowan
  2160 | D:4      | Noticed Duvessa
  2185 | D:4      | Killed Duvessa
  2185 | D:4      | Reached XP level 7. HP: 36/60 MP: 6/6
  2195 | D:4      | Killed Dowan
  2195 | D:4      | Reached skill level 7 in Long Blades
  2331 | D:4      | Found a burning altar of Makhleb.
  2333 | D:4      | Found a glowing silver altar of Zin.
  2333 | D:4      | Noticed an angel
  2334 | D:4      | Noticed an Executioner
  2520 | D:5      | Entered Level 5 of the Dungeon
  2827 | D:5      | Noticed Eustachio
  2910 | D:5      | Reached skill level 8 in Long Blades
  2921 | D:5      | Reached XP level 8. HP: 63/67 MP: 7/7
  3170 | D:5      | Killed Eustachio
  3170 | D:5      | Reached skill level 5 in Fighting
  3378 | D:6      | Found a snail-covered altar of Cheibriados.
  3389 | D:6      | Reached skill level 9 in Long Blades
  3441 | D:6      | Noticed Pikel
  3469 | D:6      | Killed Pikel
  3469 | D:6      | Reached skill level 10 in Long Blades
  3729 | D:7      | Reached XP level 9. HP: 65/75 MP: 8/8
  3787 | D:7      | Noticed Menkaure
  3796 | D:7      | Killed Menkaure
  3875 | D:7      | Found a staircase to the Ecumenical Temple.
  3892 | Temple   | Entered the Ecumenical Temple
  3955 | Temple   | Became a worshipper of Warmaster Okawaru
  4033 | D:7      | Noticed Prince Ribbit
  4051 | D:7      | Killed Prince Ribbit
  4410 | D:8      | Reached * piety under Okawaru
  4527 | D:8      | Reached skill level 11 in Long Blades
  4598 | D:8      | Noticed a two-headed ogre
  4605 | D:8      | Killed a two-headed ogre
  4605 | D:8      | Reached ** piety under Okawaru
  4605 | D:8      | Reached XP level 10. HP: 84/84 MP: 9/9
  4802 | D:8      | Reached skill level 12 in Long Blades
  4979 | D:9      | Noticed Psyche
  4989 | D:9      | Killed Psyche
  5027 | D:9      | Noticed Gastronok
  5061 | D:9      | Killed Gastronok
  5061 | D:9      | Reached *** piety under Okawaru
  5061 | D:9      | Reached skill level 13 in Long Blades
  5486 | D:10     | Entered Level 10 of the Dungeon
  5572 | D:10     | Reached skill level 10 in Shields
  5815 | D:10     | Reached **** piety under Okawaru
  5941 | D:10     | Found a portal to a secret trove of treasure.
  6193 | D:11     | Found a staircase to the Lair.
  6226 | D:11     | Reached XP level 11. HP: 63/92 MP: 10/10
  6238 | D:11     | Noticed a white ugly thing
  6247 | D:11     | Killed a white ugly thing
  6247 | D:11     | Reached skill level 14 in Long Blades
  6251 | D:11     | Gained mutation: Your magical capacity is low. (-10% MP) [mutagenic meat]
  6252 | D:11     | Gained mutation: You are dopey. (Int -2) [mutagenic meat]
  6253 | D:11     | Gained mutation: You have sharp toenails. [mutagenic meat]
  6254 | D:11     | Gained mutation: You are agile. (Dex +2) [mutagenic meat]
  6488 | D:11     | Noticed a deep elf mage
  6494 | D:11     | Killed a deep elf mage
  6613 | D:11     | Noticed a seven-headed hydra
  6693 | D:11     | Killed an unseen horror
  6693 | D:11     | Reached ***** piety under Okawaru
  6693 | D:11     | Received a gift from Okawaru
  7407 | D:12     | Killed an unseen horror
  7415 | D:12     | Reached skill level 5 in Dodging
  7507 | D:12     | Killed an unseen horror
  7668 | D:12     | Noticed a deep elf mage
  7685 | D:12     | Killed a deep elf mage
  7767 | D:12     | Slain by a slime creature

Skill      XL: |  1  2  3  4  5  6  7  8  9 10 11 |
---------------+----------------------------------+-----
Armour         | 4 5 6 7 8 9 |  9.6
Fighting       | 4 5 6 7 8 |  8.1
Long Blades    | 3 5 6 8 10 11 13 14 | 14.4
Shields        | 4 5 6 7 9 10 11 | 11.3
Dodging        | 1 2 4 5 |  5.2

Action                   |  1- 3 |  4- 6 |  7- 9 | 10-12 || total
-------------------------+-------+-------+-------+-------++-------
Melee: Long sword        |    82 |   163 |   296 |   408 ||   949
       Headbutt          |     9 |    32 |    80 |   107 ||   228
       Kick              |       |       |       |    75 ||    75
Invok: Heroism           |       |       |       |     3 ||     3
  Use: Potion            |       |       |     1 |     2 ||     3
       Scroll            |       |       |       |     2 ||     2
  Eat: Chunk             |       |     4 |     9 |    17 ||    30
Armor: Scale mail        |    38 |    45 |   100 |     7 ||   190
       Chain mail        |       |       |       |   156 ||   156
Dodge: Dodged            |    33 |    27 |    63 |    68 ||   191
Block: Shield            |    42 |     1 |       |       ||    43
       Large shield      |       |   131 |   280 |   343 ||   754
       Rpst.: Long sword |     9 |     4 |    13 |    13 ||    39
